 Dungeon Crawl Stone Soup version 0.28-a0-1504-g839a4452db (webtiles) character file.

Game seed: 8242405913299012159

18 Cheeritup the Chopper (level 2, 25/25 HPs)
             Began as a Palentonga Monk on Jan 13, 2022.
             Was a Believer of Fedhas.
             Quit the game on level 1 of the Dungeon.
             The game lasted 00:02:55 (291 turns).

Cheeritup the Chopper (Palentonga Monk)              Turns: 291, Time: 00:02:56

Health: 25/25      AC:  4    Str: 14    XL:     2   Next: 51%
Magic:  2/2        EV: 10    Int: 10    God:    Fedhas [**....]
Gold:   19         SH:  0    Dex: 12    Spells: 1/1 levels left

rFire   . . .      SeeInvis +   d - +2 dagger (speed)
rCold   . . .      Faith    .   (no shield)
rNeg    . . .      Spirit   .   b - +0 robe
rPois   .          Reflect  .   (no helmet)
rElec   .          Harm     .   (no cloak)
rCorr   .          Rampage  .   (no gloves)
Will    .....                   (no barding)
Stlth   ++........              c - amulet of regeneration
HPRegen 0.88/turn               (no ring)
MPRegen 0.08/turn               (no ring)

@: no status effects
A: large, rugged brown scales 3, see invisible, deformed body, roll 1, armoured
tail
a: Rolling Charge, Renounce Religion, Wall of Briars


You were on level 1 of the Dungeon.
You worshipped Fedhas.
Fedhas was pleased with you.
You visited 1 branch of the dungeon, and saw 1 of its levels.

You collected 19 gold pieces.

Inventory:

Hand Weapons
 a - a +0 hand axe
 d - a +2 dagger of speed (weapon)
Armour
 b - a +0 robe (worn)
Jewellery
 c - an amulet of regeneration (around neck)
Scrolls
 e - 2 scrolls of teleportation {unknown}
 h - a scroll of immolation {unknown}
Potions
 f - a potion of haste {unknown}
 g - a potion of curing {unknown}
 i - a potion of invisibility {unknown}


   Skills:
 + Level 3.4 Fighting
 + Level 3.4 Axes
 - Level 2.4 Dodging
 - Level 1.2 Stealth


You had one spell level left.
You didn't know any spells.
Your spell library was empty.

Dungeon Overview and Level Annotations

Branches:
Dungeon (1/15)

Altars:
Fedhas


Innate Abilities, Weirdness & Mutations

You are completely covered in rugged brown scales. (AC +3, +7% HP)
You have supernaturally acute eyesight. (SInv)
Armour fits poorly on your strangely shaped body.
You can roll at nearby foes to attack.
You have a long armoured tail.


Message History

You hit the hobgoblin but do no damage.
The hobgoblin is moderately wounded.
The ball python bites you but does no damage.
The hobgoblin closely misses you.
You hit the hobgoblin.
The hobgoblin is almost dead.
The ball python closely misses you.
You hit the hobgoblin but do no damage.
The hobgoblin is almost dead.
The hobgoblin barely misses you.
The ball python bites you but does no damage.
You hit the hobgoblin.
You kill the hobgoblin!
The ball python bites you but does no damage.
You hit the ball python.
You kill the ball python!
No target in view!
No target in view!
Things that are here:
a +0 whip; 5 stones
h - a scroll labelled UTOHOEKLOD You now have 19 gold pieces (gained 9).
i - a blue potion
e - 2 scrolls labelled UTESHR TUIRA (gained 1)
You open the door.
Found a faded altar of an unknown god.
There is an open door here.
Found a grey potion.
There is a faded altar of an unknown god here.
You cannot tell which god this altar belongs to.
Convert to them anyway? [Y]es or [N]o only, please.
You cannot tell which god this altar belongs to.
Convert to them anyway?
Fedhas accepts your prayer! Fedhas welcomes you!
You can now encircle yourself with summoned briar patches.
The plants of the dungeon cease their hostilities.
Okay, then.
Save game and exit?
Okay, then.
Are you sure you want to abandon this character and quit the game? (Confirm with "yes".)

##...........# ...
.....).......##........#
.............+..........
.......†.....#.!.......#
.......................#
##.####................#
#.....................#
######........8.......# ##
###.#..#.#..@..#######
.####......#.#.8.........#
....##..#................#
...........#..#..........#
.⌠...##.#..#.............#
......#.#..#..#..........#
..⌠...#.#..#....##'##+####
.....<#.#.............#
..⌠...#.#..#...>.#.######


There were no monsters in sight!

Vanquished Creatures
  A ball python (D:1)
  2 bats (D:1)
  An endoplasm (D:1)
  3 giant cockroaches (D:1)
  A goblin (D:1)
  3 hobgoblins (D:1)
  A kobold (D:1)
  A quokka (D:1)
  A frilled lizard (D:1)
14 creatures vanquished.

Notes
Turn   | Place    | Note
-------+----------+-------------------------------------------
     0 | D:1      | Cheeritup the Palentonga Monk began the quest for the Orb.
     0 | D:1      | Reached XP level 1. HP: 19/19 MP: 1/1
    88 | D:1      | Reached XP level 2. HP: 18/25 MP: 2/2
   280 | D:1      | Found a faded altar of an unknown god.
   290 | D:1      | Prayed at the altar of an unknown god.
   290 | D:1      | Became a worshipper of Fedhas Madash
   290 | D:1      | Reached * piety under Fedhas
   290 | D:1      | Reached ** piety under Fedhas
   291 | D:1      | Quit the game

Illustrated notes

Levels and vault maps discovered:
D:1:      dpeg_arrival_stone_temple_mockup, layout_basic,
          dreamdust_ecumenical_altar_statues

Action                   || total
-------------------------++-------
Melee: Hand axe          ||    24
       Tailslap          ||     4
       Dagger            ||    30
       Punch             ||     2
 Abil: Rolling Charge    ||    11
Armor: Robe              ||    37
Dodge: Dodged            ||    35

Table legend: (Time is in decaauts)
 A = Elapsed time spent in this place.
 B = Non-inter-level travel time spent in this place.
 C = Inter-level travel time spent in this place.
 D = Time resting spent in this place.
 E = Time spent auto-exploring this place.
 F = Levels seen in this place.
 G = Mean time per level.
                   A        B        C        D        E       F      G
               +--------+--------+--------+--------+--------+-----+--------+
         Total |    286 |    286 |      0 |      0 |    184 |   1 |  286.0 |
       Dungeon |    286 |    286 |      0 |      0 |    184 |   1 |  286.0 |
               +--------+--------+--------+--------+--------+-----+--------+

Top non-repeatable levels by time:
     D:1: 286 daAuts
